 Dungeon Crawl Stone Soup version 0.29-a0-617-g7a6b98fccd (webtiles) character file.

Game seed: 12770406552758832970

8003 dolemite99 the Timeless (level 11, -4/82 HPs)
             Began as a Djinni Earth Elementalist on June 18, 2022.
             Was a High Priest of Cheibriados.
             Slain by an ogre
             ... wielding a +0 giant club
              (15 damage)
             ... on level 8 of the Dungeon.
             The game lasted 00:16:48 (14120 turns).

dolemite99 the Timeless (DjEE)                     Turns: 14120, Time: 00:16:48

Health: -4/82      AC: 16    Str: 18    XL:     11   Next: 47%
Gold:   561        EV: 12    Int: 32    God:    Cheibriados [*****.] SH:  0 Dex: 25

rFire   + + .      SeeInvis .   a - staff of earth
rCold   x . .      Faith    .   (no shield)
rNeg    . . .      Spirit   .   H - +0 swamp dragon scales
rPois   ∞          Reflect  .   s - +1 helmet
rElec   .          Harm     .   p - +2 cloak
rCorr   .          Rampage  .   (no gloves)
Will    +....                   (boots unavailable)
Stlth   ++........              (no amulet)
HPRegen 0.23/turn               w - +4 ring of slaying
MPRegen 0.00/turn               c - +4 ring of protection {=R}

@: flying, very slow
A: sickness immunity, fire resistance 2, cold vulnerability 1, float, innate
caster, HP casting, extra vitality 1
a: Renounce Religion, Bend Time, Temporal Distortion, Slouch, Step From Time


You were on level 8 of the Dungeon.
You worshipped Cheibriados.
Cheibriados was extremely pleased with you.
You visited 1 branch of the dungeon, and saw 9 of its levels.

You collected 561 gold pieces.

Inventory:

Hand Weapons
 b - a +3 hunting sling
 d - the +6 dagger of the Rat {vorpal, rC+}
   (You took it off a gnoll on level 5 of the Dungeon)

   It inflicts extra damage upon your enemies.
   rC:        It protects you from cold.
 C - a +5 scimitar of freezing
 I - a +1 spear of venom
 K - a +3 flail
 N - a +3 war axe
 O - a +3 long sword
Missiles
 g - 12 boomerangs
 j - 21 poisoned darts
 E - 5 atropa-tipped darts
 L - 3 javelins
Armour
 n - +0 steam dragon scales
 p - a +2 cloak (worn)
 s - a +1 helmet (worn)
 z - the +1 ring mail of Grace {rF++}
   (You found it on level 6 of the Dungeon)

   rF:        It greatly protects you from fire.
 D - a +0 robe of willpower
 H - +0 swamp dragon scales (worn)
Magical Staves
 a - a staff of earth (weapon)
Jewellery
 c - a +4 ring of protection (right hand) {=R}
 e - a ring of resist corrosion
 r - a ring of positive energy
 w - a +4 ring of slaying (left hand)
Wands
 k - a wand of digging (8)
 t - a wand of flame (31)
 v - a wand of paralysis (14)
 y - a wand of iceblast (5)
 G - a wand of mindburst (13)
Scrolls
 f - 3 scrolls of vulnerability
 h - 6 scrolls of teleportation
 o - a scroll of silence
 x - a scroll of enchant weapon
 A - a scroll of enchant armour
 B - 2 scrolls of poison
Potions
 i - a potion of attraction
 l - 4 potions of curing
 m - a potion of flight
 q - 3 potions of mutation
 u - 2 potions of heal wounds {unknown}
 F - 2 potions of lignification {unknown}
 J - a potion of resistance {unknown}


   Skills:
 - Level 8.8 Fighting
 - Level 2.1 Dodging
 - Level 1.5 Stealth
 - Level 7.2 Spellcasting
 + Level 10.0 Invocations
 - Level 6.0 Evocations


You had one spell level left.
You knew the following spells:

 Your Spells              Type           Power      Damage    Failure   Level
a - Sandblast             Erth           100%       2d20      1%          1
b - Stone Arrow           Conj/Erth      100%       3d13      1%          3
c - Petrify               Tmut/Erth      72%        N/A       3%          4
d - Passwall              Tmut/Erth      60%        N/A       1%          2
e - Freeze                Ice            100%       1d11      1%          1
f - Poisonous Vapours     Pois/Air       100%       N/A       1%          2
g - Searing Ray           Conj           100%       2d8       1%          2
h - Teleport Other        Tloc           55%        N/A       1%          3
i - Irradiate             Conj/Tmut      27%        3d22      11%         5
Your spell library was empty.

Dungeon Overview and Level Annotations

Branches:
Dungeon (9/15)             Temple (0/1) D:6            Lair (0/6) D:8
    Orc: D:9-12

Altars:
Cheibriados
Gozag
Vehumet
Yredelemnul
Zin

Annotations:
D:4 Pikel


Innate Abilities, Weirdness & Mutations

You are immune to sickness and miasma.
You are immune to poison.
Your flesh is very heat resistant. (rF++)
You are vulnerable to cold. (rC-)
You float through the air rather than walking.
You learn spells naturally, not from books.
Your magical power is your life essence.
You have superior vitality. (+4 MHP)


Message History

The ogre is almost dead.
The orc priest calls down the wrath of Beogh upon you.
Beogh smites you!
The ogre hits you with a +0 giant spiked club!
The ogre closely misses you.
Something hits you but does no damage. x2
The orc priest misses you.
Casting: Sandblast (safe; 1% risk of failure)
Confirm with . or Enter, or press ? or * to list all spells.
Aiming: Sandblast (safe; 1% risk of failure)
Press: ? - help, Shift-Dir - straight line, f/p - ogre
Aim: an ogre, wielding a +0 giant spiked club (almost dead, 92% to hit)
You feel a surge of power!
The blast of sand misses the ogre.
The ogre barely misses you. The ogre hits you with a +0 giant club!
The orc priest hits you with a +0 dagger.
Something hits you. The orc closely misses you.
The ogre hits you with a +0 giant club!!
* * * LOW HITPOINT WARNING * * *
The orc priest hits you with a +0 dagger.
* * * LOW HITPOINT WARNING * * *
The ogre closely misses you. Something hits you.
* * * LOW HITPOINT WARNING * * *
The orc hits you with a +0 dagger.
* * * LOW HITPOINT WARNING * * *
Casting: Sandblast (safe; 1% risk of failure)
Confirm with . or Enter, or press ? or * to list all spells.
Aiming: Sandblast (safe; 1% risk of failure)
Press: ? - help, Shift-Dir - straight line, f/p - ogre
Aim: an ogre, wielding a +0 giant spiked club (almost dead, 92% to hit)
You feel a surge of power!
The blast of sand hits the ogre!
You kill the ogre!
Cheibriados thoroughly appreciates the change of pace.
* * * LOW HITPOINT WARNING * * *
The orc priest hits you with a +0 dagger.
* * * LOW HITPOINT WARNING * * *
The orc hits you with a +0 dagger.
* * * LOW HITPOINT WARNING * * *
Something hits you.
* * * LOW HITPOINT WARNING * * *
The ogre hits you with a +0 giant club!
You die...

≈≈≈≈≈≈≈≈....≈≈≈≈≈≈≈
≈≈≈≈≈≈≈≈.)..≈≈≈≈≈≈≈
........[..........
########''''#######
.#######....####
.'.....'....'...
.#######....####
#######''#############
.............)@O)'....
.............oo).).... #
...........).....###### #
........†..).....#....#
#########''#########....#
'.......'..'.......'.[..#
#########################


You could see an ogre, an orc priest and an orc.

Vanquished Creatures
  A centaur warrior (D:8)
  A two-headed ogre (D:8)
  Maggie (D:8)
  A kobold demonologist (D:8)
  A wraith (D:9)
  2 yaks (D:8)
  2 steam dragons
  2 water moccasins (D:8)
  2 black bears (D:8)
  2 ice beasts
  5 orc warriors
  3 centaurs
  8 ogres
  4 phantoms
  A lemure (D:3)
  2 kobold brigands (D:8)
  6 bullfrogs
  2 gnoll sergeants
  4 scorpions
  2 necrophages
  5 wights (D:8)
  9 killer bees (D:9)
  8 howler monkeys
  11 hounds
  A jelly (D:8)
  4 gnoll shamans
  4 orc priests
  5 iguanas
  7 orc wizards
  9 adders
  33 gnolls
  A shadow imp (D:6)
  2 white imps
  2 ufetubi
  A worm (D:4)
  3 dart slugs
  22 orcs
  8 bats
  5 endoplasms
  5 giant cockroaches
  10 goblins
  9 hobgoblins
  A jackal (D:1)
  5 quokkas
  5 ball pythons
  A frilled lizard (D:1)
  7 kobolds
  4 rats
239 creatures vanquished.

Vanquished Creatures (others)
  52 fungi
  52 plants (D:8)
104 creatures vanquished.

Grand Total: 343 creatures vanquished

Notes
Turn   | Place    | Note
-------+----------+-------------------------------------------
     0 | D:1      | dolemite99 the Djinni Earth Elementalist began the quest
                  | for the Orb.
     0 | D:1      | dolemite99 set off with the following spells memorised:
                  | Sandblast, Passwall, Stone Arrow, Petrify.
     0 | D:1      | Reached XP level 1. HP: 15/15 MP: 0/0
   348 | D:1      | Reached skill level 1 in Fighting
   348 | D:1      | Reached XP level 2. HP: 21/22 MP: 0/0
   783 | D:1      | Reached XP level 3. HP: 25/27 MP: 0/0
   783 | D:1      | Learned a level 1 spell: Freeze
  1587 | D:2      | Found a faded altar of an unknown god.
  1610 | D:2      | Prayed at the altar of an unknown god.
  1610 | D:2      | Became a worshipper of Cheibriados the Contemplative
  1610 | D:2      | Reached * piety under Cheibriados
  1633 | D:2      | Reached XP level 4. HP: 33/33 MP: 0/0
  2904 | D:3      | Identified a scroll of acquirement
  2904 | D:3      | Acquired a staff of earth
  3149 | D:4      | Reached XP level 5. HP: 40/40 MP: 0/0
  3149 | D:4      | Learned a level 2 spell: Poisonous Vapours
  3240 | D:4      | Reached ** piety under Cheibriados
  3748 | D:4      | Noticed a lemure
  3753 | D:4      | Noticed a lemure
  3757 | D:3      | Killed a lemure
  4071 | D:4      | Noticed Pikel
  4138 | D:5      | Entered Level 5 of the Dungeon
  4173 | D:5      | Reached XP level 6. HP: 31/47 MP: 0/0
  4287 | D:5      | Identified the +6 dagger of the Rat {vorpal, rC+}
  5510 | D:5      | Reached XP level 7. HP: 42/53 MP: 0/0
  5510 | D:5      | Learned a level 2 spell: Searing Ray
  5989 | D:5      | Reached skill level 5 in Fighting
  6066 | D:5      | Reached skill level 5 in Spellcasting
  6066 | D:5      | Reached XP level 8. HP: 58/60 MP: 0/0
  6117 | D:5      | Reached *** piety under Cheibriados
  7120 | D:6      | Reached XP level 9. HP: 58/68 MP: 0/0
  7120 | D:6      | Learned a level 3 spell: Teleport Other
  7540 | D:6      | Reached **** piety under Cheibriados
  7667 | D:6      | Found a glowing silver altar of Zin.
  7674 | D:6      | Found an opulent altar of Gozag.
  7678 | D:6      | Found a basalt altar of Yredelemnul.
  8026 | D:6      | Found a staircase to the Ecumenical Temple.
  8155 | D:6      | Identified the +1 ring mail of Grace {rF++}
  9494 | D:8      | Reached skill level 1 in Invocations
  9494 | D:8      | Reached skill level 1 in Evocations
  9553 | D:8      | Noticed Maggie
  9555 | D:8      | Noticed a two-headed ogre
  9567 | D:8      | Killed Maggie
  9568 | D:8      | Reached skill level 2 in Invocations
  9568 | D:8      | Reached XP level 10. HP: 56/77 MP: 0/0
  9571 | D:8      | Reached skill level 3 in Invocations
  9574 | D:8      | Killed a two-headed ogre
  9575 | D:8      | Reached skill level 4 in Invocations
  9585 | D:8      | Reached skill level 5 in Invocations
  9585 | D:8      | Reached skill level 5 in Evocations
 10116 | D:8      | Found a staircase to the Lair.
 10671 | D:8      | Reached ***** piety under Cheibriados
 10679 | D:8      | Noticed a centaur warrior
 10696 | D:8      | Reached skill level 6 in Invocations
 11648 | D:9      | Reached skill level 7 in Invocations
 11648 | D:9      | Reached XP level 11. HP: 76/82 MP: 0/0
 11648 | D:9      | Learned a level 5 spell: Irradiate
 13087 | D:8      | Reached skill level 8 in Invocations
 13090 | D:8      | Identified the +1 leather armour of Parlour Games {Drain
                  | +Blink rElec Dex-4}
 13468 | D:8      | Reached skill level 9 in Invocations
 13929 | D:8      | Killed a centaur warrior
 14118 | D:8      | Reached skill level 10 in Invocations
 14120 | D:8      | Slain by an ogre

Illustrated notes

Levels and vault maps discovered:
D:1:      dpeg_arrival_shelter, layout_loops_corners, minmay_tetromino_s4
D:2:      layout_basic, shapermc_ecumenical_altar_mp_highgroup
D:3:      layout_basic, dreamdust_princess_corridor
D:4:      layout_cave_pools, uniq_pikel
D:5:      layout_basic, hangedman_glass_teeth, minmay_quadrilaterals
D:6:      cheibrodos_fzero, layout_basic, grunt_temple_overflow_open,
          minmay_temple_entry_fiery, dk_noncrumbling_3,
          dreamdust_mushroom_princess, minmay_misc_feat_cross,
          grunt_decor_mini_mirrors
D:7:      layout_rooms
D:8:      lemuel_castle_with_subvaults [lemuel_castle_interior_original],
          layout_basic, due_lair_maze_entry_diamond, uniq_maggie
D:9:      layout_gridville, dk_noncrumbling_4

Skill      XL: |  1  2  3  4  5  6  7  8  9 10 11 |
---------------+----------------------------------+-----
Fighting       | 1 2 3 4 5 7 8 |  8.8
Spellcasting   | 3 4 5 6 7 |  7.2
Invocations    | 2 7 10 | 10.0
Evocations     | 2 6 |  6.0
Dodging        | |  2.1
Stealth        | |  1.5

Action                   |  1- 3 |  4- 6 |  7- 9 | 10-12 || total
-------------------------+-------+-------+-------+-------++-------
Melee: Unarmed           |     1 |       |       |       ||     1
       Staff             |       |       |     2 |     8 ||    10
 Fire: Hunting sling     |     1 |    45 |     8 |     5 ||    59
 Cast: Sandblast         |    49 |    68 |   104 |   139 ||   360
       Stone Arrow       |       |       |    10 |    18 ||    28
       Petrify           |       |       |       |     1 ||     1
       Poisonous Vapours |       |       |       |     1 ||     1
Invok: Slouch            |       |       |       |     2 ||     2
       Temporal Distorti |       |       |       |     2 ||     2
Evoke: Wand              |       |       |     5 |     6 ||    11
  Use: Scroll            |       |    13 |     1 |     6 ||    20
       Potion            |       |     1 |     2 |     3 ||     6
Armor: Robe              |     8 |    24 |    25 |       ||    57
       Ring mail         |       |       |    13 |    31 ||    44
       Swamp dragon scal |       |       |       |   103 ||   103
Dodge: Dodged            |     5 |    72 |    84 |   137 ||   298

Table legend: (Time is in decaauts)
 A = Elapsed time spent in this place.
 B = Non-inter-level travel time spent in this place.
 C = Inter-level travel time spent in this place.
 D = Time resting spent in this place.
 E = Time spent auto-exploring this place.
 F = Levels seen in this place.
 G = Mean time per level.
                   A        B        C        D        E       F      G
               +--------+--------+--------+--------+--------+-----+--------+
         Total |  17948 |  17383 |    565 |   6078 |   8465 |   9 | 1994.2 |
       Dungeon |  17948 |  17383 |    565 |   6078 |   8465 |   9 | 1994.2 |
               +--------+--------+--------+--------+--------+-----+--------+

Top non-repeatable levels by time:
     D:8: 3617 daAuts
     D:5: 3223 daAuts
     D:6: 2590 daAuts
     D:9: 2490 daAuts
     D:3: 1582 daAuts
     D:1: 1568 daAuts
     D:7: 1143 daAuts
     D:4: 868 daAuts
     D:2: 863 daAuts
